Map: Lost and Found LE

Players

Tweek

  • Race: Terran Terran
  • League: Diamond
  • Spawn Location: 7:00

Ragnarokette - Winner!

  • Race: Zerg Zerg
  • League: Diamond
  • Spawn Location: 1:00

VOD

Have the link to the VOD?

Description

Time

  • Played on: Oct. 18, 2018, 10:31 a.m.
  • Length: 11:10
Show
View Real Time Build Order
Export as new Build Order

Tweek Terran 

Build Orders:  

Get SALT Encoding   

  12  0:03  SCV  
  13  0:15  SCV  
  14  0:23  Supply Depot  
  14  0:27  SCV  
  15  0:34  Refinery  
  15  0:44  SCV  
  15  0:45  Barracks  
  16  0:56  SCV  
  17  1:08  SCV  
  18  1:21  SCV  
  19  1:33  SCV  
  19  1:36  Command Center  
  19  1:37  Barracks Reactor  
  20  1:46  Refinery  
  20  1:52  Orbital Command  
  20  2:04  Factory  
  20  2:14  Supply Depot  
  20  2:18  SCV  
  21  2:23  Marine  
  21  2:24  Marine  
  23  2:35  SCV  
  21  3:03  SCV  
  21  3:04  Factory  
  21  3:05  Orbital Command  
  22  3:07  Hellion x2  
  22  3:10  Barracks Tech Lab  
  26  3:15  SCV  
  27  3:23  Armory  
  27  3:29  Hellion x2  
  31  3:36  SCV  
  31  3:37  SCV  
  33  3:51  SCV x2  
  33  3:52  Starport  
  33  4:10  Hellion x2  
  33  4:13  Siege Tank  
  38  4:17  SCV x2  
  40  4:24  Supply Depot  
  40  4:26  Terran Vehicle Weapons Level 1  
  40  4:29  SCV x2  
  40  4:49  Siege Tank  
  40  4:50  Hellion x2, SCV  
  40  4:51  SCV  
  47  4:53  Starport Reactor  
  47  5:04  SCV x2  
  49  5:07  Refinery  
  49  5:12  Command Center  
  49  5:18  Hellion  
  54  5:21  Siege Tank  
  54  5:38  Supply Depot  
  54  5:43  Supply Depot  
  54  5:47  SCV x2  
  54  5:48  Hellion  
  56  5:50  Viking x2  
  58  5:59  SCV  
  58  6:00  SCV  
  58  6:02  Siege Tank  
  58  6:03  Hellion  
  65  6:10  Hellion  
  60  6:25  Hellion  
  60  6:31  Hellion  
  57  6:34  Siege Tank  
  55  6:47  Hellion  
  55  6:52  Hellion, SCV  
  55  6:53  Supply Depot, SCV  
  57  6:58  Engineering Bay  
  57  7:04  Supply Depot  
  57  7:06  Siege Tank  
  57  7:08  Orbital Command  
  60  7:12  Command Center  
  60  7:14  Terran Vehicle And Ship Armor Level 1  
  54  7:32  SCV x2  
  54  7:35  Liberator x2  
  56  7:42  Supply Depot  
  56  7:49  SCV x3  
  56  7:50  Refinery  
  59  7:54  Siege Tank  
  68  7:59  Hellion  
  68  8:00  Hellion  
  68  8:01  SCV  
  68  8:04  Armory  
  73  8:12  Factory  
  73  8:19  SCV x3  
  76  8:24  Hellion x2  
  76  8:26  Siege Tank  
  83  8:32  Barracks Tech Lab  
  83  8:33  Engineering Bay  
  83  8:38  Barracks  
  83  8:50  Hellion x2  
  83  8:54  Planetary Fortress  
  87  8:58  Siege Tank  
  79  9:17  Liberator x2  
  69  9:30  Siege Tank  
  69  9:31  Factory Tech Lab  
  68  9:33  Hellion x2  
  68  9:36  SCV x4  
  82  9:46  Barracks Reactor  
  82  9:47  Command Center  
  82  9:48  Starport  
  82  9:51  Supply Depot  
  82  9:56  Factory  
  82  10:10  Sensor Tower, SCV  
  82  10:11  SCV x3  
  86  10:15  Command Center  
  71  10:28  Siege Tank x2  
  65  10:29  Hellion x2  
  54  10:45  Hellion  
Show
View Real Time Build Order
Export as new Build Order

Ragnarokette Zerg - Winner!

Build Orders: Pool First 

Get SALT Encoding   

  12  0:01  Drone  
  13  0:12  Overlord  
  13  0:16  Drone  
  14  0:31  Drone x2  
  14  0:35  Drone  
  17  0:51  Spawning Pool, Drone  
  17  1:11  Hatchery  
  16  1:39  Zergling x2  
  17  1:40  Zergling x4  
  17  1:44  Queen  
  21  1:51  Drone  
  22  1:54  Extractor  
  21  2:02  Overlord  
  21  2:15  Drone  
  22  2:24  Queen  
  22  2:26  Queen  
  22  2:27  Drone  
  22  2:28  Drone  
  28  2:37  Drone x2  
  28  2:57  Drone x3  
  28  2:58  Drone x3  
  33  3:01  Metabolic Boost  
  33  3:12  Drone  
  34  3:17  Hatchery  
  33  3:20  Drone x2  
  35  3:37  Overlord  
  35  3:40  Overlord x2  
  35  3:46  Baneling Nest  
  35  3:47  Zergling x2  
  35  3:55  Queen  
  31  4:14  Drone x6  
  37  4:31  Queen  
  40  4:38  Drone x8  
  40  4:40  Zergling x2  
  48  4:50  Drone x2  
  50  4:56  Extractor x2  
  48  5:02  Queen  
  48  5:06  Drone x2  
  48  5:07  Overlord x2, Drone x2  
  54  5:11  Baneling x2  
  54  5:12  Zergling x2  
  54  5:13  Zergling x4  
  57  5:15  Overlord x2  
  57  5:24  Spore Crawler  
  56  5:35  Drone x8  
  64  5:37  Lair  
  64  5:47  Zergling x2  
  64  5:48  Zergling x6  
  64  5:58  Zergling x14  
  71  6:11  Zergling x6  
  67  6:24  Zergling x2  
  66  6:25  Zergling x2  
  66  6:26  Zergling x14  
  72  6:40  Zergling x8  
  74  6:50  Baneling x7  
  74  6:53  Drone x7  
  81  6:55  Hydralisk Den  
  80  7:03  Evolution Chamber  
  80  7:06  Evolution Chamber  
  78  7:15  Drone x3  
  78  7:16  Drone x5  
  78  7:18  Extractor  
  78  7:19  Extractor  
  78  7:21  Hatchery  
  77  7:29  Zergling x2  
  70  7:30  Zergling x16  
  75  7:38  Centrifical Hooks  
  75  7:39  Grooved Spines, Pneumatized Carapace  
  75  7:40  Hydralisk  
  75  7:41  Hydralisk x2  
  75  7:42  Overlord x2  
  81  7:58  Overlord, Drone x3  
  84  7:59  Hydralisk  
  84  8:00  Hydralisk x2  
  84  8:01  Zergling x4  
  84  8:05  Baneling x3  
  92  8:12  Overlord x2  
  92  8:14  Drone x2  
  92  8:15  Drone  
  95  8:36  Hydralisk x8  
  95  8:37  Zergling x10  
  95  8:39  Queen  
  118  8:42  Extractor  
  118  8:44  Zerg Melee Weapons Level 1  
  117  9:01  Zergling x22  
  117  9:02  Zergling x8  
  129  9:11  Zergling x6  
  129  9:16  Zergling x8  
  107  9:26  Hydralisk x4  
  107  9:27  Hydralisk, Zergling x2  
  118  9:36  Drone x4  
  122  9:42  Overlord x4, Infestation Pit  
  121  9:48  Hydralisk x3, Muscular Augments  
  121  9:51  Baneling  
  121  9:52  Baneling x11  
  127  9:55  Drone x4  
  131  10:03  Hydralisk x3  
  137  10:07  Hatchery  
  112  10:37  Hydralisk  
  112  10:38  Hydralisk x2, Zergling x2  
  112  10:39  Zergling x42  
Tags
 
Add a new tag
Caveats
  • Supply blocks, unpowered buildings, or Contaminate may cause inaccurate times.
  • Supply counts are checked every 10 seconds.